 Dungeon Crawl Stone Soup version 0.17.0-15-g6d90897 (webtiles) character file.

49 cras the Sneak (level 3, 0/24 HPs)
             Began as an Octopode Assassin on Nov 11, 2015.
             Succumbed to an adder's poison
             ... on level 2 of the Dungeon.
             The game lasted 00:05:06 (1405 turns).

cras the Sneak (Octopode Assassin)                  Turns: 1405, Time: 00:05:06

Health: 0/24       AC:  1    Str: 10      XL:     3   Next: 75%
Magic:  2/2        EV: 12    Int:  8 (11) God:
Gold:   117        SH:  0    Dex: 14      Spells: 0 memorised, 2 levels left

rFire  . . .     SeeInvis .     a - +2 dagger
rCold  . . .     Clarity  .     (no shield)
rNeg   . . .     SustAt   .     (helmet restricted)
rPois  .         Gourm    .     (no amulet)
rElec  .         Spirit   .     (no ring)
rCorr  .         Warding  .     (no ring)
rMut   .         Stasis   .     (no ring)
MR     .....                    (no ring)
Stlth  +++++.....               (no ring)
                                (no ring)
                                (no ring)
                                (no ring)

@: lethally poisoned (0 -> -4), not resistant to hostile enchantments, quite
stealthy
A: almost no armour, amphibious, 8 rings, constrict 8, fangs 1, camouflage 1,
dopey 1, low mp 1, gelatinous body 1
a: no special abilities


You were on level 2 of the Dungeon.
You were very hungry.

You visited 1 branch of the dungeon, and saw 2 of its levels.

You collected 117 gold pieces.

Inventory:

Hand Weapons
 a - a +2 dagger (weapon)
 b - a +0 blowgun
Missiles
 c - 8 poisoned needles
 d - 2 curare-tipped needles
Potions
 f - 2 potions of haste
 i - a potion of mutation
Comestibles
 e - a bread ration
 k - a royal jelly


   Skills:
 - Level 2.0 Fighting
 + Level 3.1 Short Blades
 - Level 2.0 Throwing
 - Level 1.0 Dodging
 + Level 6.3 Stealth


You had 2 spell levels left.
You didn't know any spells.

Dungeon Overview and Level Annotations

Branches:
Dungeon (2/15)

Altars:


Innate Abilities, Weirdness & Mutations

You cannot wear most types of armour.
You are amphibious.
You can wear up to eight rings at the same time.
You can use your tentacles to constrict eight enemies at once.
Your skin changes colour to match your surroundings (Stealth).
Your rubbery body absorbs attacks (AC +1).
You have very sharp teeth.
You are dopey. (Int -2)
Your magical capacity is low (-10% MP).


Message History

There is a lethal amount of poison in your body!
There is a lethal amount of poison in your body!
There is a lethal amount of poison in your body!
There is a lethal amount of poison in your body!
There is a lethal amount of poison in your body!
There is a lethal amount of poison in your body!
There is a lethal amount of poison in your body!
There is a lethal amount of poison in your body!
There is a lethal amount of poison in your body!
There is a lethal amount of poison in your body!
There is a lethal amount of poison in your body!
There is a lethal amount of poison in your body!
* * * LOW HITPOINT WARNING * * *
You feel sick.
* * * LOW HITPOINT WARNING * * *
You feel sick.
You see here a scroll of identify.
* * * LOW HITPOINT WARNING * * *
You feel sick.
You die...

#.##.#.†....#......
#†.#.#####.##.## ..
##.#...........#...
#.#.#†........#.#.
#?#.#.#.#####.#.#.
#.#.#.........#.#.
#.#.#....#....#.#.
###.#......##.#.#.#.
#######..@....#..##.#.#.#.
#.........###.#..##.......
####.##.#####.#.......#.#.
#..........##.#(.....#.
#...##...##...##.##.###.##
#...##....#...##....#.....
.............#######.####
##.#####.#...............
# #.#.#.#######.....


There were no monsters in sight!

Vanquished Creatures
  2 adders (D:2)
  An ooze (D:2)
  A worm (D:2)
  A giant cockroach (D:1)
  3 goblins
  4 hobgoblins
  8 bats
  A giant newt (D:2)
  2 kobolds (D:1)
  A rat (D:1)
24 creatures vanquished.

Notes
Turn   | Place    | Note
--------------------------------------------------------------
     0 | D:1      | cras the Octopode Assassin began the quest for the Orb.
     0 | D:1      | Reached XP level 1. HP: 14/14 MP: 1/1
   232 | D:1      | Reached XP level 2. HP: 19/19 MP: 2/2
   676 | D:2      | Reached skill level 6 in Stealth
   676 | D:2      | Reached XP level 3. HP: 24/24 MP: 3/3
   692 | D:2      | Gained mutation: Your magical capacity is low (-10% MP). [potion of mutation]
   692 | D:2      | Gained mutation: You have very sharp teeth. [potion of mutation]
   692 | D:2      | Gained mutation: You are dopey. (Int -2) [potion of mutation]
  1403 | D:2      | HP: 1/24 [poisoned by an adder]
  1405 | D:2      | Succumbed to an adder's poison

Action                   || total
-------------------------++-------
Melee: Dagger            ||    50
  Use: Scroll            ||     6
       Potion            ||     2
 Stab: Sleeping          ||    11
